 Dungeon Crawl Stone Soup version 0.24-a0-619-gb7544fd237 (webtiles) character file.

Game seed: 5173728293196472109, levelgen mode: deterministic

217 Erlindor the Sneak (level 6, 0/38 HPs)
             Began as a Kobold Assassin on Sept 18, 2019.
             Slain by a centaur (3 damage)
             ... on level 4 of the Dungeon.
             The game lasted 00:15:08 (4189 turns).

Erlindor the Sneak (Kobold Assassin)                Turns: 4189, Time: 00:15:09

Health: 0/38       AC:  5    Str:  8    XL:     6   Next: 16%
Magic:  6/6        EV: 16    Int: 12    God:
Gold:   207        SH:  0    Dex: 19    Spells: 2/5 levels left

rFire    . . .     SeeInvis .   a - +2 dagger
rCold    . . .     Gourm    .   (shield restricted)
rNeg     . . .     Faith    .   q - +0 leather armour
rPois    .         Spirit   .   v - +0 helmet
rElec    .         Reflect  .   c - +0 cloak
rCorr    .         Harm     .   (no gloves)
MR       .....                  (no boots)
Stlth    ++++......             (no amulet)
HPRegen  0.12/turn              (no ring)
MPRegen  0.10/turn              (no ring)

@: no status effects
A: small, carnivore
a: no special abilities


You were on level 4 of the Dungeon.
You were very full.

You visited 1 branch of the dungeon, and saw 4 of its levels.

You collected 207 gold pieces.

Inventory:

Hand Weapons
 a - a +2 dagger (weapon)
 b - a +0 hunting sling
Missiles
 e - 2 curare-tipped darts
 i - 15 sling bullets
 m - 254 stones
 p - 27 poisoned darts (quivered)
Armour
 c - a +0 cloak (worn)
 q - a +0 leather armour (worn)
 v - a +0 helmet (worn)
Jewellery
 t - an uncursed ring of protection from fire {unknown}
 u - a cursed ring of teleportation {unknown}
Scrolls
 g - a scroll of identify {unknown}
 h - a scroll of immolation {unknown}
 j - a scroll of teleportation {unknown}
 o - 3 scrolls of remove curse
 r - a scroll of magic mapping {unknown}
 s - a scroll of random uselessness {unknown}
 w - a scroll of fog {unknown}
Potions
 d - a potion of lignification {unknown}
 k - a potion of cancellation {unknown}
 l - a potion of magic {unknown}
 n - a potion of haste {unknown}
Comestibles
 f - 13 rations


   Skills:
 - Level 4.0 Fighting
 - Level 2.6 Short Blades
 - Level 2.1 Throwing
 + Level 3.9 Dodging
 + Level 7.1 Stealth
 + Level 0.7 Hexes


You had 2 spell levels left.
You knew the following spells:

 Your Spells              Type           Power        Failure   Level  Hunger
a - Ensorcelled Hibernat  Hex/Ice        #.....       54%         2    ###....
b - Confusing Touch       Hex            #.....       36%         1    ##.....

Your spell library contained the following spells:

 Spells                   Type           Power        Failure   Level  Hunger
 Corona                   Hex            #......      36%         1    ##.....
 Confuse                  Hex            #.......     73%         3    ####...
 Tukima's Dance           Hex            #.......     73%         3    ####...
 Dazzling Spray           Conj/Hex       #.....       77%         3    ####...
 Gell's Gravitas          Tloc           #.........   82%         3    ####...
 Petrify                  Tmut/Erth      #.......     99%         4    #####..
 Metabolic Englaciation   Hex/Ice        #.........   100%        5    ######.
 Yara's Violent Unravell  Hex/Tmut       #.........   100%        5    ######.


Dungeon Overview and Level Annotations

Branches:
Dungeon (4/15)
 Temple: D:4-7

Altars:
Fedhas
Sif Muna

Annotations:
D:4 2 transporters, Ijyb; milododd's ghost, amateur OpAs


Innate Abilities, Weirdness & Mutations

You are small and have problems with some larger weapons.
You are carnivorous and can eat meat at any time.


Message History

The centaur is severely wounded.
The centaur hits you.
Throwing (i - inventory. (/) - cycle)
p - 29 poisoned darts (quivered)
Press: ? - help, Shift-Dir - straight line, f/p - centaur
Aim: a centaur (severely wounded, poisoned)
You throw a poisoned dart. The poisoned dart hits the centaur.
The centaur looks even sicker.
The centaur is severely wounded.
The centaur hits you. x2
You barely miss the centaur.
The centaur is almost dead.
The centaur hits you!
* * * LOW HITPOINT WARNING * * *
Throwing (i - inventory. (/) - cycle)
p - 28 poisoned darts (quivered)
Press: ? - help, Shift-Dir - straight line, f/p - centaur
Aim: a centaur (almost dead, poisoned)
You throw a poisoned dart. The poisoned dart hits the centaur.
The centaur is almost dead.
The centaur hits you.
You die...

#.#.#.# #.#.#.#
#####.#.#.#
#.........#
#.........#
#.........#
#.........######.
..............c......
#####..(.....@######
#........(#
#.........#
#<......(.#
####.###### ..(. ...
##


You could see a centaur.

Vanquished Creatures
  Natasha (twice) (D:2)
  A worker ant (D:4)
  3 gnolls (D:2)
  4 adders
  A worm (D:2)
  2 dart slugs (D:2)
  4 leopard geckos
  6 bats
  5 giant cockroaches
  8 goblins
  3 hobgoblins
  4 jackals
  5 kobolds
  2 quokkas (D:2)
  A ball python (D:2)
  A frilled lizard (D:3)
  4 rats
56 creatures vanquished.

Vanquished Creatures (others)
  Natasha (D:2)
1 creature vanquished.

Grand Total: 57 creatures vanquished

Notes
Turn   | Place    | Note
-------+----------+-------------------------------------------
     0 | D:1      | Erlindor the Kobold Assassin began the quest for the Orb.
     0 | D:1      | Reached XP level 1. HP: 12/12 MP: 1/1
   250 | D:1      | Reached XP level 2. HP: 18/18 MP: 2/2
   961 | D:2      | Reached XP level 3. HP: 22/22 MP: 3/3
  1297 | D:2      | Noticed Natasha
  1374 | D:2      | Killed Natasha
  1374 | D:2      | Reached skill level 6 in Stealth
  1374 | D:2      | Reached XP level 4. HP: 28/28 MP: 4/4
  1375 | D:2      | You fall into a shaft and drop 1 floor!
  1729 | D:2      | Noticed Natasha
  1745 | D:2      | Killed Natasha
  2027 | D:2      | Found a shimmering blue altar of Sif Muna.
  2176 | D:2      | Noticed Natasha
  2194 | D:2      | Reached XP level 5. HP: 22/32 MP: 5/5
  2442 | D:2      | Killed Natasha
  3214 | D:3      | Found a blossoming altar of Fedhas.
  3917 | D:4      | Learned a level 2 spell: Ensorcelled Hibernation
  3919 | D:4      | Learned a level 1 spell: Confusing Touch
  3968 | D:4      | Noticed a phantom
  4038 | D:4      | Reached skill level 7 in Stealth
  4038 | D:4      | Reached XP level 6. HP: 32/38 MP: 6/6
  4086 | D:4      | Found a transporter.
  4086 | D:4      | Noticed milododd's ghost (amateur OpAs)
  4089 | D:4      | Found a transporter.
  4140 | D:4      | Noticed Ijyb
  4189 | D:4      | Slain by a centaur

Levels and vault maps discovered:
D:1:      evilmike_arrival_rings, layout_basic, minmay_ruptured
D:2:      layout_loops_corners, led_sif_pool, uniq_natasha
D:3:      layout_basic, palyth_stone_intersect, fedhas_altar_fruit_tree
D:4:      layout_loops_ring, gammafunk_temple_overflow_forgotten,
          gammafunk_ghost_arena, first_ration, uniq_ijyb

Skill      XL: |  1  2  3  4  5 |
---------------+----------------+-----
Dodging        | 2 3 |  3.9
Fighting       | 3 4 |  4.0
Stealth        | 6 7 |  7.1
Short Blades   | |  2.6
Throwing       | |  2.1
Hexes          | |  0.7

Action                   |  1- 3 |  4- 6 || total
-------------------------+-------+-------++-------
Melee: Dagger            |    53 |   102 ||   155
Throw: Dart              |    17 |    43 ||    60
  Use: Scroll            |       |     2 ||     2
 Stab: Sleeping          |     6 |    12 ||    18
  Eat: Chunk             |     5 |    11 ||    16
Armor: Robe              |    10 |       ||    10
       Leather armour    |       |    14 ||    14
Dodge: Dodged            |    45 |    55 ||   100

Table legend:
 A = Non-vault XP
 B = Vault XP
 C = Vault XP percentage of total XP
 D = Non-vault monster count
 E = Vault monster count
 F = Vault count percentage of total count
                 A         B        C        D         E       F
            +---------+---------+-------+---------+---------+-------
      Total |     273 |      38 |  12.2 |      55 |       2 |   3.5
            +---------+---------+-------+---------+---------+-------
        D:1 |      26 |       2 |   7.1 |      15 |       1 |   6.2
        D:2 |     161 |      36 |  18.3 |      25 |       1 |   3.8
        D:3 |      28 |       0 |   0.0 |      10 |       0 |   0.0
        D:4 |      58 |       0 |   0.0 |       5 |       0 |   0.0
            +---------+---------+-------+---------+---------+-------
